 Dungeon Crawl Stone Soup version 0.20.0-10-g0535bb4 (webtiles) character file.

603 Hook the Covert (level 7, 0/36 HPs)
             Began as a Vine Stalker Assassin on June 5, 2017.
             Slain by a shadow imp (1 damage)
             ... on level 5 of the Dungeon.
             The game lasted 00:10:46 (3668 turns).

Hook the Covert (Vine Stalker Assassin)             Turns: 3668, Time: 00:10:47

Health: 0/36       AC:  5    Str: 15    XL:     7   Next: 42%
Magic:  0/8        EV: 12    Int: 11    God:
Gold:   158        SH:  0    Dex: 16    Spells: 6/6 levels left

rFire    . . .     SeeInvis .   a - +2 dagger
rCold    . . .     Gourm    .   (no shield)
rNeg     . . .     Faith    .   l - +0 leather armour
rPois    .         Spirit   +   (no helmet)
rElec    .         Reflect  .   d - +0 cloak
rCorr    .         Harm     .   s - +0 pair of gloves
MR       .....                  (no boots)
Stlth    ++++......             (no amulet)
Regen    0.6/turn               (no ring)
MPRegen  0.2/turn               (no ring)

@: lethally poisoned (0 -> -1)
A: fangs 2, regeneration 1, magic shield, antimagic bite, no potion heal 3, rot
immunity
a: no special abilities


You were on level 5 of the Dungeon.
You were not hungry.

You visited 1 branch of the dungeon, and saw 5 of its levels.

You collected 158 gold pieces.

Inventory:

Hand Weapons
 a - a +2 dagger (weapon)
 b - a +0 blowgun
Missiles
 e - 20 poisoned needles
 f - 2 curare-tipped needles
 r - 2 tomahawks (quivered)
Armour
 c - a +0 robe
 d - a +0 cloak (worn)
 l - a +0 leather armour (worn)
 s - a +0 pair of gloves (worn)
Magical Staves
 v - an uncursed staff of death {unknown}
Jewellery
 y - a cursed ring of loudness {unknown}
 A - a +2 ring of dexterity {unknown}
Wands
 n - a wand of paralysis (14/24)
 o - a wand of confusion (35/48)
Scrolls
 m - 3 scrolls of identify
 q - a scroll of remove curse
 t - a scroll of blinking {unknown}
 u - 2 scrolls of immolation {unknown}
Potions
 i - a potion of cancellation {unknown}
 j - 4 potions of lignification
 k - a potion of heal wounds {unknown}
 p - a potion of mutation {unknown}
 x - a potion of agility {unknown}
 z - a potion of ambrosia {unknown}
Comestibles
 g - a bread ration
 h - a meat ration
 w - 2 fruits


   Skills:
 * Level 3.3 Fighting
 * Level 3.1 Short Blades
 - Level 1.7 Throwing
 + Level 1.9 Armour
 * Level 2.4 Dodging
 * Level 8.1 Stealth


You had 6 spell levels left.
You didn't know any spells.

Dungeon Overview and Level Annotations

Branches:
Dungeon (5/15)
 Temple: D:4-7

Altars:
Elyvilon
Fedhas
Hepliaklqana
The Shining One

Annotations:
D:5 Edmund


Innate Abilities, Weirdness & Mutations

You have extremely sharp teeth.
Your natural rate of healing is unusually fast.
When hurt, damage is shared between your health and your magic reserves.
Your bite disrupts and absorbs the magic of your enemies.
Potions cannot restore your health.
You are immune to rotting.


Message History

You hit the worker ant but do no damage.
You bite the worker ant, but do no damage.
The worker ant is severely wounded.
You feel sick. The shadow imp gestures at you. Pain shoots through your body!
* * * LOW HITPOINT WARNING * * *
The worker ant barely misses you.
You hit the worker ant but do no damage.
Your bite misses the worker ant.
The worker ant is severely wounded.
The worker ant bites you.
* * * LOW HITPOINT WARNING * * *
The shadow imp closely misses you.
You hit the worker ant but do no damage.
You bite the worker ant. You drain its power.
You feel invigorated.
The worker ant is severely wounded.
* * * LOW HITPOINT WARNING * * *
You feel sick. The worker ant completely misses you. The shadow imp hits you.
You die...

#.........#
#.#>###.### #.#.#
#######.#.#####.
................. ...
#.####........... ..
##.####.###########.
..........###.........
#.##.####.....@a......
#.##.###...##5######..
###....##........#
.................#
###!...##..?.....#
.....#@###...#####
###..#<# ##.....
#..#.# #....# ...#.#
....#


You could see a worker ant and a shadow imp.

Vanquished Creatures
  Grinder (D:4)
  A hound (D:4)
  Jessica (D:3)
  3 orc wizards (D:4)
  A worker ant (D:4)
  2 hound skeletons
  Robin (D:3)
  3 gnolls
  9 adders
  3 worms
  2 dart slugs (D:1)
  3 leopard geckos
  2 orcs (D:4)
  A giant cockroach (D:2)
  19 goblins
  4 hobgoblins
  4 quokkas
  6 bats
  9 frilled lizards
  6 kobolds
  7 rats
88 creatures vanquished.

Notes
Turn   | Place    | Note
-------+----------+-------------------------------------------
     0 | D:1      | Hook the Vine Stalker Assassin began the quest for the Orb.
     0 | D:1      | Reached XP level 1. HP: 11/11 MP: 2/2
    25 | D:1      | Reached skill level 1 in Dodging
   173 | D:1      | Reached skill level 5 in Stealth
   229 | D:1      | Reached XP level 2. HP: 6/15 MP: 3/3
   919 | D:2      | Reached XP level 3. HP: 18/18 MP: 4/4
  1148 | D:2      | Reached skill level 6 in Stealth
  1316 | D:2      | Found a blossoming altar of Fedhas.
  1503 | D:2      | Gained mutation: Your natural rate of healing is unusually fast. [Vine Stalker growth]
  1503 | D:2      | Reached XP level 4. HP: 13/23 MP: 3/5
  1740 | D:3      | Noticed Jessica
  1743 | D:3      | Killed Jessica
  1838 | D:3      | Noticed Robin
  1864 | D:3      | Reached XP level 5. HP: 26/26 MP: 4/6
  2038 | D:3      | Killed Robin
  2038 | D:3      | Reached skill level 7 in Stealth
  2728 | D:4      | Reached XP level 6. HP: 12/32 MP: 4/7
  2818 | D:4      | Reached skill level 1 in Armour
  2860 | D:4      | Found a white marble altar of Elyvilon.
  2978 | D:4      | Found a glowing golden altar of the Shining One.
  2978 | D:4      | Found a hazy altar of Hepliaklqana.
  3023 | D:4      | Noticed Grinder
  3074 | D:4      | Paralysed by Grinder for 2 turns
  3082 | D:4      | Killed Grinder
  3082 | D:4      | Reached skill level 8 in Stealth
  3082 | D:4      | Reached XP level 7. HP: 8/36 MP: 8/8
  3524 | D:5      | Entered Level 5 of the Dungeon
  3531 | D:5      | Noticed Edmund
  3668 | D:5      | HP: 1/36 [poisoned by a worker ant]
  3668 | D:5      | Slain by a shadow imp

Skill      XL: |  1  2  3  4  5  6 |
---------------+-------------------+-----
Dodging        | 1 2 |  2.4
Stealth        | 5 6 7 8 |  8.1
Short Blades   | 2 3 |  3.1
Fighting       | 2 3 |  3.3
Armour         | 1 |  1.9
Throwing       | |  1.7

Action                   |  1- 3 |  4- 6 |  7- 9 || total
-------------------------+-------+-------+-------++-------
Melee: Dagger            |    81 |   201 |    22 ||   304
       Bite              |    24 |    47 |     8 ||    79
 Fire: Blowgun           |    11 |    26 |     2 ||    39
  Use: Scroll            |     2 |     2 |     1 ||     5
 Stab: Sleeping          |     6 |    10 |       ||    16
       Distracted        |     1 |       |       ||     1
  Eat: Chunk             |     2 |     2 |       ||     4
       Bread ration      |       |     1 |       ||     1
Armor: Robe              |    15 |       |       ||    15
       Leather armour    |     1 |    37 |     5 ||    43
Dodge: Dodged            |    58 |   117 |    13 ||   188
